[Event "*** Biggest EVER Titled Tuesday"]
[Site "Chess.com"]
[Date "2018.04.17"]
[Round "9"]
[White "MartinMatthiesen"]
[Black "ahmadzada13"]
[Result "1-0"]
[WhiteElo "2420"]
[BlackElo "2552"]
[TimeControl "180+2"]
[EndTime "15:05:33 PDT"]
[Termination "MartinMatthiesen won on time"]

1. d4 Nf6 2. c4 g6 3. Nc3 Bg7 4. e4 d6 5. Be2 O-O 6. Be3 Nbd7 7. Nf3 e5 8. d5 Nc5 9. Nd2 a5 10. O-O Ne8 11. a3 f5 12. b4 Nd7 13. f3 f4 14. Bf2 g5 15. c5 h5 16. Nc4 Ndf6 17. bxa5 g4 18. cxd6 cxd6 19. Bh4 gxf3 20. Bxf3 Qc7 21. Qd3 Ng4 22. h3 Bf6 23. Be1 Nh6 24.
Rb1 Bd7 25. Nb5 Bxb5 26. Rxb5 Qg7 27. Bxh5 1-0

[Event "*** Biggest EVER Titled Tuesday"]
[Site "Chess.com"]
[Date "2018.04.17"]
[Round "9"]
[White "FairChess_on_YouTube"]
[Black "JustKid"]
[Result "1-0"]
[WhiteElo "2885"]
[BlackElo "2468"]
[TimeControl "180+2"]
[EndTime "15:05:36 PDT"]
[Termination "FairChess_on_YouTube won by resignation"]

1. d4 d5 2. c4 c6 3. Nc3 Nf6 4. Nf3 a6 5. g3 dxc4 6. a4 e6 7. Bg2 c5 8. O-O Nc6 9. e3 cxd4 10. exd4 Bb4 11. Bg5 h6 12. Bxf6 Qxf6 13. Rc1 Na5 14. Ne4 Qe7 15. Ne5 O-O 16. Qh5 Rb8 17. g4 Qe8 18.
Nxc4 Nxc4 19. Rxc4 a5 20. Rd1 b6 21. Nf6+ gxf6 22.
Qxh6 e5 23. Be4 f5 24. Qg5+ Kh8 25. Rd3 fxg4 26. Qh6+ 1-0

[Event "*** Biggest EVER Titled Tuesday"]
[Site "Chess.com"]
[Date "2018.04.17"]
[Round "9"]
[White "chessking2151"]
[Black "ChessTrail"]
[Result "1-0"]
[WhiteElo "2384"]
[BlackElo "2458"]
[TimeControl "180+2"]
[EndTime "15:05:36 PDT"]
[Termination "chessking2151 won by checkmate"]

1. d4 Nf6 2. Nf3 d5 3. Bf4 c5 4. e3 Nc6 5. Nbd2 Qb6 6. dxc5 Qxb2 7. c4 e5 8. Rb1 Qxa2 9. Nxe5 Bxc5 10. cxd5 Nxe5 11.
Bxe5 Qxd5 12. Bxf6 gxf6 13. Qc2 O-O 14. Bd3 Qxg2 15. Be4 Qg5 16. Rb5 b6 17. Nf3 Qh5 18. Bxa8 Ba6 19. Rxc5 bxc5 20. Be4 f5 21. Rg1+ Kh8 22.
Qc3+ f6 23. Bd5 c4 24. Qxf6+ Rxf6 25. Rg8# 1-0

[Event "*** Biggest EVER Titled Tuesday"]
[Site "Chess.com"]
[Date "2018.04.17"]
[Round "9"]
[White "PchelkinVK"]
[Black "colemman"]
[Result "1-0"]
[WhiteElo "2438"]
[BlackElo "2500"]
[TimeControl "180+2"]
[EndTime "15:05:38 PDT"]
[Termination "PchelkinVK won by resignation"]

1. d4 d5 2. Nc3 Nf6 3. Bf4 Bf5 4. Nf3 c6 5. e3 e6 6. Ne5 Nbd7 7. g4 Bg6 8. h4 h6 9. Nxg6 fxg6 10. Bd3 Kf7 11. Qf3 Bb4 12. O-O-O Bxc3 13. bxc3 Qe8 14. g5 hxg5 15.
hxg5 Nh5 16. Rh4 Kg8 17. Rdh1 Qf7 18. Rxh5 Rxh5 19. Rxh5 gxh5 20. g6 Qe7 21. Qxh5 Nf6 22. Qh4 Kf8 23. Bg5 Rd8 24. Qh8+ Ng8 25. Bxe7+ Kxe7 26.
Qxg7+ Kd6 27. Qxb7 Rd7 28. Qb8+ 1-0

[Event "*** Biggest EVER Titled Tuesday"]
[Site "Chess.com"]
[Date "2018.04.17"]
[Round "9"]
[White "vovachesss"]
[Black "jk13"]
[Result "0-1"]
[WhiteElo "2370"]
[BlackElo "2536"]
[TimeControl "180+2"]
[EndTime "15:05:42 PDT"]
[Termination "jk13 won by checkmate"]

1. d4 e6 2. Nf3 Nf6 3. g3 d5 4.
Bg2 b5 5. O-O Nbd7 6. a4 b4 7.
c4 bxc3 8. bxc3 Ba6 9. Nbd2 Be7 10. c4 O-O 11. Ne5 Nxe5 12. dxe5 Ng4 13. cxd5 exd5 14. Bb2 Rb8 15. Rb1 c5 16. Nf3 d4 17. h3 Nh6 18.
Nd2 c4 19. Ne4 c3 20. Ba1 Rxb1 21. Qxb1 Bxe2 22. Re1 Ba6 23. g4 Qa5 24. g5 c2 25.
Qc1 Nf5 26. Bf1 Ba3 27. Nf6+ gxf6 28. Qf4 Qxe1 29. Qxf5 Qxf1+ 30. Kh2 c1=Q 31. gxf6 Qg1# 0-1

[Event "*** Biggest EVER Titled Tuesday"]
[Site "Chess.com"]
[Date "2018.04.17"]
[Round "9"]
[White "BergenChessAcademy"]
[Black "nochewycandy"]
[Result "1-0"]
[WhiteElo "2199"]
[BlackElo "2085"]
[TimeControl "180+2"]
[EndTime "15:05:48 PDT"]
[Termination "BergenChessAcademy won by resignation"]

1. d4 g6 2. c4 Bg7 3. Nc3 Nf6 4. e3 O-O 5. Nf3 c5 6. d5 e6 7. Be2 exd5 8. cxd5 d6 9. O-O a6 10. a4 Bf5 11. Nd2 Re8 12. Nc4 Qc7 13.
Kh1 Nbd7 14. f3 Nf8 15. e4 Bd7 16. Bf4 Re5 17. Nxe5 dxe5 18. Bg3 Nh5 19. Bf2 Rb8 20. a5 b5 21. axb6 Rxb6 22. Rxa6 Rxb2 23. Bc4 Bc8 24. Ra8 Nd7 25. Qa1 Qb7 26. Rxc8+ Qxc8 27. Qxb2 h6 28. d6 Bf8 29. Nd5 Bxd6 30. Nb6 Qb7 31. Rb1 Nf4 32. Nxd7 Qxd7 33. Qb5 Qe7 34. Qb7 Qf6 35. Qc6 Qg5 36. Rg1 Bf8 37. Qd7 Qf6 38. Be3 Nh5 39. Qc8 Kg7 40.
Rb1 Qh4 41. Qd7 Qf6 42. Rb7 1-0

[Event "*** Biggest EVER Titled Tuesday"]
[Site "Chess.com"]
[Date "2018.04.17"]
[Round "9"]
[White "SCIM"]
[Black "EndgameGrinder"]
[Result "1-0"]
[WhiteElo "2376"]
[BlackElo "2461"]
[TimeControl "180+2"]
[EndTime "15:05:49 PDT"]
[Termination "SCIM won by resignation"]

1. d4 Nf6 2. c4 e6 3. Nc3 Bb4 4. Qc2 c5 5. dxc5 Bxc5 6. Nf3 Qb6 7. e3 Qc7 8. g3 b6 9. Bg2 Bb7 10. O-O a6 11. b3 Nc6 12. Bb2 h5 13. h4 Ng4 14.
Ne4 Bxe3 15. fxe3 Nxe3 16. Qd2 Nxf1 17. Rxf1 O-O-O 18. Nd6+ Kb8 19. Nxf7 Rhf8 20. Nxd8 Qxd8 21. Qd6+ Ka7 22. a4 Na5 23. c5 Nxb3 24. Qxb6+ Qxb6 25. cxb6+ Kxb6 26. Bxg7 Rf7 27. Rb1 Rxg7 28. Rxb3+ Kc7 29.
Ng5 Bxg2 30. Kxg2 Re7 31. Kf3 d5 32. Kf4 e5+ 33. Kf5 e4 34. Kf6 Re8 35. Ne6+ Kc6 36.
Kf7 Rh8 37. a5 Rh7+ 38. Kg6 Re7 39. Kf6 Rb7 40. Nd8+ 1-0

[Event "*** Biggest EVER Titled Tuesday"]
[Site "Chess.com"]
[Date "2018.04.17"]
[Round "9"]
[White "Cecile-Haussernot"]
[Black "nurmiTV"]
[Result "1-0"]
[WhiteElo "2347"]
[BlackElo "2447"]
[TimeControl "180+2"]
[EndTime "15:05:52 PDT"]
[Termination "Cecile-Haussernot won by resignation"]

1. e4 c5 2. Nf3 e6 3. d4 cxd4 4.
Nxd4 a6 5. Bd3 Bc5 6. Nb3 Be7 7. Qg4 g6 8. Qe2 Nc6 9. O-O Qc7 10. Na3 Nf6 11.
Bh6 d6 12. Nc4 b5 13. Ne3 Bb7 14. a4 b4 15. a5 Ne5 16. f4 Ned7 17. Rac1 Nxe4 18. Bxe4 Bxe4 19. c3 bxc3 20. Rxc3 Qb7 21. Nc4 Bd5 22. Rd1 Rd8 23. Re3 Qa7 24. Rxd5 Rb8 25.
Nd4 Qc7 26. Nxe6 fxe6 27. Rxe6 Nc5 28. Nxd6+ Kd8 29. Nb5+ Kc8 1-0

[Event "*** Biggest EVER Titled Tuesday"]
[Site "Chess.com"]
[Date "2018.04.17"]
[Round "9"]
[White "albi1999"]
[Black "murmah2003"]
[Result "0-1"]
[WhiteElo "2373"]
[BlackElo "2540"]
[TimeControl "180+2"]
[EndTime "15:05:58 PDT"]
[Termination "murmah2003 won by resignation"]

1. d4 Nf6 2. c4 d6 3. g3 g6 4. Bg2 Bg7 5. Nc3 O-O 6. Nf3 c5 7. O-O Nc6 8. dxc5 dxc5 9. Bf4 Bd7 10. Ne5 Nxe5 11. Bxe5 Qc8 12. Nd5 Nxd5 13. Bxg7 Ne3 14. Qc1 Nxf1 15. Bxf8 Kxf8 16. Kxf1 Bc6 17. Qd2 Qe6 18.
b3 Bxg2+ 19. Kxg2 a5 20. a4 Qb6 21. Qc3 Kg8 22. Rd1 Rd8 23. Rxd8+ Qxd8 24. Qd3 Qxd3 25. exd3 e5 26. Kf3 f5 27. Ke3 Kf7 28. f4 Ke6 29.
h3 b6 30. h4 Kf6 31. Kf3 h6 32. Ke3 g5 33. h5 gxf4+ 34. gxf4 exf4+ 35. Kxf4 Ke6 36. Kf3 Ke5 37. Ke3 f4+ 38. Ke2 Kf5 39. Kf3 Kg5 40.
Ke4 Kg4 41. d4 f3 42. dxc5 bxc5 0-1

[Event "*** Biggest EVER Titled Tuesday"]
[Site "Chess.com"]
[Date "2018.04.17"]
[Round "9"]
[White "Denis0027"]
[Black "MFBerna"]
[Result "1/2-1/2"]
[WhiteElo "2262"]
[BlackElo "2317"]
[TimeControl "180+2"]
[EndTime "15:05:58 PDT"]
[Termination "Game drawn by repetition"]

1. Nf3 d5 2. g3 Nf6 3. Bg2 g6 4. O-O Bg7 5. d3 O-O 6. Nbd2 Nbd7 7. e4 dxe4 8. dxe4 Ng4 9. Qe2 Nge5 10. Rd1 Nxf3+ 11.
Nxf3 e5 12. Bg5 Bf6 13. Bxf6 Qxf6 14. Rd2 Nb6 15. Rad1 Bg4 16. h3 Bxf3 17. Qxf3 Qxf3 18.
Bxf3 Rfe8 19. b3 Kf8 20. c4 c5 21. a4 Rac8 22. Bg4 Rc7 23. a5 Na8 24. Bd7 Rd8 25. Rd5 f6 26. Rd6 Ke7 27. Re6+ Kf7 28. Red6 Ke7 29. Re6+ Kf7 30. Red6 Ke7 31. Re6+ Kf7 32. Red6 Ke7 33. Re6+ Kf7 34. Red6 1/2-1/2

[Event "*** Biggest EVER Titled Tuesday"]
[Site "Chess.com"]
[Date "2018.04.17"]
[Round "9"]
[White "grzechu96"]
[Black "Jbd735"]
[Result "1-0"]
[WhiteElo "2472"]
[BlackElo "2318"]
[TimeControl "180+2"]
[EndTime "15:05:59 PDT"]
[Termination "grzechu96 won on time"]

1. e4 e5 2. Nf3 Nc6 3. d4 exd4 4. Nxd4 Bc5 5. Nb3 Bb6 6. Nc3 Nf6 7. Bg5 h6 8. Bh4 d6 9. f3 g5 10. Bg3 Be6 11. Bb5 Qe7 12. Qe2 Bd7 13. O-O-O O-O-O 14. Rhe1 Rhe8 15. a4 a6 16. Bxa6 bxa6 17. Qxa6+ Kb8 18. Bxd6 cxd6 19. Qxb6+ Ka8 20. Nb5 Rc8 21. Nc7+ Rxc7 22. Qxc7 Rc8 23. Qxd6 Qxd6 24. Rxd6 Be6 25. Nd4 Ne5 26.
Nxe6 fxe6 27. Red1 Nc4 28. Rxe6 Nh5 29. g3 Ne3 30. Rd2 Rc4 31. b3 Rc7 32. Rxh6 Ng7 33. Rh7 Ne6 34. Rxc7 Nxc7 35. Re2 Nf1 36. Rf2 Ne3 37.
Kd2 1-0

[Event "*** Biggest EVER Titled Tuesday"]
[Site "Chess.com"]
[Date "2018.04.17"]
[Round "9"]
[White "WinnerOleg"]
[Black "GoingKronos"]
[Result "0-1"]
[WhiteElo "2298"]
[BlackElo "2394"]
[TimeControl "180+2"]
[EndTime "15:06:02 PDT"]
[Termination "GoingKronos won on time"]

1. b3 d5 2. Bb2 Bg4 3. h3 Bh5 4. Nf3 Nd7 5. d4 e6 6. e3 Ngf6 7. Be2 Bd6 8. O-O O-O 9. c4 c6 10. Nbd2 Qe7 11. Ne5 Bxe2 12. Qxe2 Ba3 13. Ndf3 a5 14.
c5 Bxb2 15. Qxb2 Ne4 16. a4 f6 17. Nxd7 Qxd7 18. b4 axb4 19. Qxb4 Ra7 20. Rfb1 Rfa8 21. Ne1 h5 22. Nd3 g5 23. Ra2 Kg7 24. a5 h4 25. Qb6 Kg6 26. Rb3 Kf7 27. Nb4 Kg6 28.
a6 bxa6 29. Nxc6 Rc7 30. Nb8 Qc8 31. Rxa6 Rxa6 32. Nxa6 Rc6 33. Qb7 Qxb7 34. Rxb7 Rxa6 35. f3 Ra1+ 36. Kh2 Ng3 0-1

[Event "*** Biggest EVER Titled Tuesday"]
[Site "Chess.com"]
[Date "2018.04.17"]
[Round "9"]
[White "Bigfish1995"]
[Black "Orest_Vovk"]
[Result "1-0"]
[WhiteElo "2750"]
[BlackElo "2257"]
[TimeControl "180+2"]
[EndTime "15:06:06 PDT"]
[Termination "Bigfish1995 won by resignation"]

1. d4 Nc6 2. f4 g5 3. d5 Nb8 4. Qd4 f6 5. fxg5 e5 6. dxe6 dxe6 7. Qxd8+ Kxd8 8. Nf3 Nc6 9. e4 h6 10. gxf6 Nxf6 11.
Nc3 Nb4 12. Bd3 Nxd3+ 13. cxd3 Bc5 14. Bf4 Bb6 15. Rf1 Ng4 16. Ke2 Rf8 17. g3 Ke8 18.
h3 Rxf4 19. gxf4 Ne3 20. Rg1 Nc2 21. Rac1 Bxg1 22. Rxg1 b6 23. a3 c5 24. Nb5 Kf7 25. Ne5+ Kf8 26. Kd2 Nd4 27. Nxd4 cxd4 28. Rg6 h5 29.
Rh6 Kg7 30. Rxh5 Ba6 31. Nc6 Rc8 32. Nxd4 Re8 33. h4 Kg6 34. Re5 Kf6 35. h5 Bc8 36. Rg5 Rd8 37. Nc6 Rh8 38. Rg6+ Kf7 39. Ne5+ Ke7 40.
h6 Bd7 41. Rg7+ 1-0

[Event "*** Biggest EVER Titled Tuesday"]
[Site "Chess.com"]
[Date "2018.04.17"]
[Round "9"]
[White "ABDELAZEEZ-M"]
[Black "ehrenfeld"]
[Result "0-1"]
[WhiteElo "2304"]
[BlackElo "2488"]
[TimeControl "180+2"]
[EndTime "15:06:07 PDT"]
[Termination "ehrenfeld won by checkmate"]

1. d4 Nf6 2. Nf3 e6 3. g3 b5 4. Bg2 Bb7 5. O-O c5 6. a4 b4 7. c4 cxd4 8. Nxd4 Bxg2 9. Kxg2 Qc7 10. b3 Na6 11. Nb5 Qb7+ 12. f3 Nc5 13. Bb2 Be7 14.
Bxf6 gxf6 15. Nd2 a6 16. Nd4 f5 17. Qc2 Bf6 18. e3 h5 19. h4 Rg8 20. Kh3 Qc7 21.
f4 Ke7 22. Rad1 Rg4 23. N2f3 Rag8 24. Rg1 Ne4 25. Ng5 Bxg5 26. hxg5 Rh8 27. Nf3 Qc5 28. Rd4 d6 29. Rg2 Qc8 30. Rxe4 fxe4 31. Qxe4 Kf8 32. Qd4 Ke7 33. Qf6+ Kd7 34. Rd2 Kc6 35. Nd4+ Kb6 36. Qxf7 e5 37. Ne6 Qc6 38. Qe7 Qh1+ 39. Rh2 Rh4+ 40. gxh4 Qf3# 0-1

[Event "*** Biggest EVER Titled Tuesday"]
[Site "Chess.com"]
[Date "2018.04.17"]
[Round "9"]
[White "ChadBiryani"]
[Black "lukas_111111"]
[Result "1-0"]
[WhiteElo "2253"]
[BlackElo "2485"]
[TimeControl "180+2"]
[EndTime "15:06:07 PDT"]
[Termination "ChadBiryani won by checkmate"]

1. e4 c5 2. Nf3 Nc6 3. d4 cxd4 4. Nxd4 Nf6 5. Nc3 e5 6. Nb3 Bb4 7. Bd3 d5 8. exd5 Nxd5 9. Bd2 Nxc3 10. bxc3 Be7 11.
O-O O-O 12. Re1 f5 13. Qe2 e4 14. Bc4+ Kh8 15. Rad1 Qc7 16. Nd4 Ne5 17. Bb3 Ng4 18. g3 Bc5 19. Bf4 Qb6 20. h3 Nf6 21. Qc4 Bd7 22.
Rd2 Rac8 23. Qe2 Bxd4 24. Rxd4 Rxc3 25. Qd2 Rf3 26. Rd6 Qc5 27. Be3 Qc7 28. Bxa7 e3 29. Bxe3 Ne4 30. Rxd7 Rxg3+ 31. fxg3 Qxg3+ 32. Qg2 Qxe1+ 33. Kh2 Rg8 34. Qxg7+ Rxg7 35. Rd8+ Rg8 36. Rxg8# 1-0

[Event "*** Biggest EVER Titled Tuesday"]
[Site "Chess.com"]
[Date "2018.04.17"]
[Round "9"]
[White "Shant_Sargsyan"]
[Black "mukhin1"]
[Result "0-1"]
[WhiteElo "2809"]
[BlackElo "2909"]
[TimeControl "180+2"]
[EndTime "15:06:13 PDT"]
[Termination "mukhin1 won by checkmate"]

1. d4 e6 2. Nf3 c5 3. c4 cxd4 4. Nxd4 Nf6 5. g3 d5 6. Bg2 e5 7. Nf3 d4 8. O-O Nc6 9. e3 Be7 10. exd4 exd4 11. Bf4 O-O 12. Ne5 Nxe5 13. Bxe5 Bc5 14.
Qd3 Ng4 15. Bf4 g5 16. h3 gxf4 17. hxg4 Bxg4 18. Nd2 Re8 19. Rae1 Qb6 20. Ne4 Bb4 21. Rc1 f5 22. Ng5 fxg3 23. Qxg3 Bd2 24. Bd5+ Kg7 25.
Nf3 Bxc1 26. Rxc1 d3 27. Nh4 d2 28. Nxf5+ Kf6 29. Qc3+ Kxf5 30. Qxd2 Qg6 31. Qd3+ Kf6 32. Qd4+ Re5 33. f4 Bf3+ 34. Kf2 Qg2# 0-1

[Event "*** Biggest EVER Titled Tuesday"]
[Site "Chess.com"]
[Date "2018.04.17"]
[Round "9"]
[White "ENEASZ"]
[Black "TastyFrenchFries"]
[Result "0-1"]
[WhiteElo "2455"]
[BlackElo "2358"]
[TimeControl "180+2"]
[EndTime "15:06:13 PDT"]
[Termination "TastyFrenchFries won by checkmate"]

1. e4 e6 2. d4 d5 3. Bd3 Nf6 4. Nd2 c5 5. exd5 Qxd5 6. Ngf3 cxd4 7. O-O Nc6 8. Qe2 Be7 9. Rd1 O-O 10. Ne4 Nxe4 11.
Bxe4 Qh5 12. Bxc6 bxc6 13. Nxd4 Qxe2 14. Nxe2 e5 15. b3 a5 16. Nc3 Bf5 17. Bb2 Bxc2 18.
Rdc1 Bd3 19. Nd1 f6 20. Rxc6 Rfd8 21. Ne3 a4 22. h3 Rdb8 23. Rc7 Bf8 24. Rd1 axb3 25.
Rxd3 bxa2 26. Ba1 Rb1+ 27. Rd1 Rab8 28. Rcc1 Ba3 29. Rc2 Rxa1 30. Rxa1 Rb1+ 31. Kh2 Rxa1 32. Kg3 g6 33. Nd5 f5 34. Nc3 Bd6 35. Rxa2 e4+ 36.
Kh4 Rg1 37. g3 Be7# 0-1

[Event "*** Biggest EVER Titled Tuesday"]
[Site "Chess.com"]
[Date "2018.04.17"]
[Round "9"]
[White "talento10"]
[Black "RojonR"]
[Result "0-1"]
[WhiteElo "2333"]
[BlackElo "2408"]
[TimeControl "180+2"]
[EndTime "15:06:16 PDT"]
[Termination "RojonR won by resignation"]

1. e4 c5 2. Nf3 Nc6 3. d4 cxd4 4.
Nxd4 d5 5. Bb5 dxe4 6. Nxc6 Qxd1+ 7. Kxd1 a6 8. Nd4+ axb5 9. Nxb5 Bg4+ 10. Ke1 Rc8 11. N1c3 f5 12. Bf4 Nf6 13. h3 Bh5 14. Nc7+ Kf7 15. a3 e6 16. Rc1 Nd7 17. N7b5 e5 18. g4 exf4 19. gxh5 Nf6 20. Nd4 Bxa3 21. bxa3 Rxc3 22. Nxf5 Rxa3 23. Rb1 Rb8 24. Ke2 f3+ 25. Kd2 Rd8+ 26. Kc1 b5 27. Rd1 Rxd1+ 28. Kxd1 e3 29. Nxe3 Ne4 30. Ke1 Rxe3+ 31. fxe3 f2+ 32. Ke2 Nc3+ 33. Kxf2 Nxb1 34. Kf3 Na3 35. Ke4 Nxc2 36.
Kd5 Nxe3+ 37. Kc5 Kf6 38. Kxb5 Kg5 0-1

[Event "*** Biggest EVER Titled Tuesday"]
[Site "Chess.com"]
[Date "2018.04.17"]
[Round "9"]
[White "hblanco"]
[Black "Quiet_Desperation"]
[Result "0-1"]
[WhiteElo "2290"]
[BlackElo "2386"]
[TimeControl "180+2"]
[EndTime "15:06:16 PDT"]
[Termination "Quiet_Desperation won by resignation"]

1. e4 Nc6 2. Nf3 d6 3. d4 Nf6 4. Nc3 d5 5. e5 Ne4 6. Bd3 Bf5 7. Qe2 Nxc3 8. bxc3 Bg4 9. h3 Bh5 10. e6 fxe6 11.
Qxe6 Qd7 12. Qe3 O-O-O 13. O-O Kb8 14. Rb1 Ka8 15. Ne5 Nxe5 16. Qxe5 Bg6 17. Bf4 c6 18. Rb3 e6 19. Rfb1 b6 20. a4 Bxd3 21. cxd3 Bd6 22. Qxd6 Qxd6 23. Bxd6 Rxd6 24. a5 b5 25. c4 dxc4 26.
dxc4 a6 27. cxb5 cxb5 28. Rd3 Rhd8 29. Rbd1 Kb7 30. Kf1 Kc6 31. Ke2 Kd5 32. Rc1 Rc6 33. Rdc3 Rdc8 34. Rc5+ Rxc5 35. dxc5 Rxc5 36. Rd1+ Kc6 37.
Rd8 b4 38. Ra8 Rxa5 39. Ra7 b3 0-1

[Event "*** Biggest EVER Titled Tuesday"]
[Site "Chess.com"]
[Date "2018.04.17"]
[Round "9"]
[White "TregubovP"]
[Black "Andreikka"]
[Result "0-1"]
[WhiteElo "2571"]
[BlackElo "2787"]
[TimeControl "180+2"]
[EndTime "15:06:18 PDT"]
[Termination "Andreikka won by resignation"]

1. d4 d5 2. c4 c6 3. cxd5 cxd5 4. Bf4 Nf6 5. e3 Nc6 6. Nc3 Bg4 7. Qb3 Na5 8. Qa4+ Bd7 9. Qc2 Rc8 10. Bd3 e6 11. Nf3 b5 12. a3 a6 13. O-O Be7 14. Qe2 O-O 15. Ne5 Nc4 16. Rfc1 Qb6 17. a4 b4 18. a5 Qb7 19. Nxd7 Nxd7 20. Na4 b3 21. Bxc4 dxc4 22. Rxc4 Rxc4 23. Qxc4 Rc8 24. Qd3 Rc2 25. h3 h6 26.
e4 Bf6 27. Rc1 Qc6 28. Nc3 Rxb2 29. d5 exd5 30. Nxd5 Rc2 31. Rb1 b2 32. Kh2 Rxf2 33. Bg3 Qc2 34. Qxa6 Rxg2+ 0-1

[Event "*** Biggest EVER Titled Tuesday"]
[Site "Chess.com"]
[Date "2018.04.17"]
[Round "9"]
[White "AvitalBor"]
[Black "AlexTriapishko"]
[Result "0-1"]
[WhiteElo "2596"]
[BlackElo "2707"]
[TimeControl "180+2"]
[EndTime "15:06:19 PDT"]
[Termination "AlexTriapishko won on time"]

1. e4 c6 2. c4 d5 3. cxd5 cxd5 4.
exd5 Nf6 5. Nf3 Nxd5 6. Nc3 Nc6 7. Bb5 g6 8. Qa4 Qd6 9. O-O Bg7 10. d4 O-O 11. Qb3 Be6 12. Bc4 Na5 13. Qa4 Nxc3 14. Qxa5 Bxc4 15. bxc3 Bxf1 16. Kxf1 b6 17. Qa4 Rfc8 18.
Bd2 Qc6 19. Qc2 Qc4+ 20. Kg1 Bxd4 21. Nxd4 Qxd4 22. Re1 Qd6 23. h4 Rc4 24. Bg5 f6 25. Qb3 Rc8 26. Be3 Kg7 27. Rc1 Rxh4 28. Rd1 Qh2+ 29. Kf1 Qh1+ 30. Ke2 Qxg2 0-1

[Event "*** Biggest EVER Titled Tuesday"]
[Site "Chess.com"]
[Date "2018.04.17"]
[Round "9"]
[White "chegueps"]
[Black "vuqaresedli"]
[Result "0-1"]
[WhiteElo "2280"]
[BlackElo "2371"]
[TimeControl "180+2"]
[EndTime "15:06:19 PDT"]
[Termination "vuqaresedli won by checkmate"]

1. e4 c5 2. Nf3 d6 3. Bb5+ Bd7 4.
Bxd7+ Qxd7 5. O-O Nc6 6. c3 Nf6 7. Re1 c4 8. b3 b5 9. a4 Na5 10. axb5 Nxb3 11. Ra4 Rc8 12. Na3 Nxc1 13. Qxc1 e6 14. e5 Nd5 15. exd6 Bxd6 16. Nxc4 Bb8 17. Qb1 O-O 18. Nce5 Qc7 19. Rh4 g6 20. Ng5 Nf6 21. c4 Rcd8 22. d4 h5 23. Qd3 Qe7 24. Qf3 Bxe5 25.
dxe5 Ng4 26. Ne4 Nxe5 27. Nf6+ Kg7 28. Nxh5+ gxh5 29. Qg3+ Ng6 30. Rxh5 Rh8 31. Rxh8 Rxh8 32. Qc3+ Qf6 33. Qe3 Qh4 34. h3 Qxc4 35. Rb1 Rb8 36. Qg5 Qd3 37. Rb4 Rc8 38. Rh4 Rc1+ 39. Kh2 Qd6+ 40. g3 Qd1 41. Qh6+ Kf6 42. Rf4+ Ke7 43. Qg5+ Ke8 44. g4 Qg1# 0-1

[Event "*** Biggest EVER Titled Tuesday"]
[Site "Chess.com"]
[Date "2018.04.17"]
[Round "9"]
[White "Vugar_Manafov"]
[Black "Th3ChessViking"]
[Result "1-0"]
[WhiteElo "2317"]
[BlackElo "2379"]
[TimeControl "180+2"]
[EndTime "15:06:19 PDT"]
[Termination "Vugar_Manafov won by checkmate"]

1. Nf3 Nf6 2. g3 d5 3. Bg2 Bf5 4. O-O e6 5. d3 h6 6. Nbd2 Be7 7.
Qe1 O-O 8. e4 Bh7 9. e5 Nfd7 10.
Qe2 Re8 11. Re1 Bf8 12. Nf1 c5 13. h4 Nc6 14. Bf4 b5 15. N1h2 Qb6 16. h5 c4 17. Ng4 cxd3 18. cxd3 Nb4 19. Red1 Rac8 20. Be3 Qa6 21. Nd4 Nc5 22. a3 Nc6 23. Nxc6 Rxc6 24.
Bxh6 Nb3 25. Rab1 Rec8 26. Be3 Rc2 27. Qf3 b4 28. h6 Bxd3 29. hxg7 Bxg7 30. Nf6+ Kf8 31.
axb4 Be2 32. Qf4 Bxd1 33. Rxd1 d4 34. Bxd4 Nxd4 35. Qxd4 Rc1 36. Rxc1 Rxc1+ 37. Kh2 Qc8 38. Qd6# 1-0

[Event "*** Biggest EVER Titled Tuesday"]
[Site "Chess.com"]
[Date "2018.04.17"]
[Round "9"]
[White "robbykevlishvili"]
[Black "kirillshevchenko"]
[Result "0-1"]
[WhiteElo "2530"]
[BlackElo "2375"]
[TimeControl "180+2"]
[EndTime "15:06:20 PDT"]
[Termination "kirillshevchenko won by resignation"]

1. e4 c5 2. Nf3 d6 3. d4 cxd4 4. Nxd4 Nf6 5. Nc3 a6 6. Bc4 e6 7. Bb3 b5 8. f4 Be7 9. O-O O-O 10. e5 dxe5 11. fxe5 Nfd7 12. Qh5 Nc6 13. Be3 Ndxe5 14. Rad1 Qc7 15. Ne4 Ng6 16. Nf3 h6 17. Bxh6 gxh6 18. Qxh6 Qf4 19. Neg5 Bxg5 20. Nxg5 Qh4 21. Nxf7 Qxh6 22.
Nxh6+ Kg7 23. Rxf8 Nxf8 24. Ng4 e5 25. Ne3 Nd4 26.
Bd5 Ra7 27. c3 Ne2+ 28. Kf2 Nf4 29. Bc6 Rf7 30. Ke1 e4 31. Bb7 Bxb7 0-1

[Event "*** Biggest EVER Titled Tuesday"]
[Site "Chess.com"]
[Date "2018.04.17"]
[Round "9"]
[White "GameOverBro"]
[Black "Blitzstream"]
[Result "0-1"]
[WhiteElo "2442"]
[BlackElo "2468"]
[TimeControl "180+2"]
[EndTime "15:06:21 PDT"]
[Termination "Blitzstream won by resignation"]

1. e4 d5 2. exd5 Qxd5 3. Nc3 Qa5 4. Nf3 Nf6 5. d4 c6 6. Ne5 Be6 7. Bc4 Bxc4 8. Nxc4 Qc7 9. Qf3 e6 10. Bf4 Qd8 11.
O-O-O Be7 12. h4 Nd5 13. Be5 O-O 14. Ne4 Nd7 15. Qg3 Nxe5 16. dxe5 Qc7 17. Ncd6 Rfd8 18. c4 Nb4 19. Nf6+ Bxf6 20. exf6 g6 21. Qg5 Kh8 22.
Qh6 Rg8 23. g4 Rad8 24. c5 Rd7 25. g5 Qa5 26. h5 Qxc5+ 27. Kb1 Rxd6 28. Rxd6 Qxd6 29.
a3 Qd3+ 30. Ka1 Nc2+ 31. Ka2 Qd5+ 32. Kb1 Qxh1+ 0-1

[Event "*** Biggest EVER Titled Tuesday"]
[Site "Chess.com"]
[Date "2018.04.17"]
[Round "9"]
[White "DishonorOnYourCow"]
[Black "Winehouse83"]
[Result "0-1"]
[WhiteElo "2303"]
[BlackElo "2340"]
[TimeControl "180+2"]
[EndTime "15:06:24 PDT"]
[Termination "Winehouse83 won on time"]

1. d4 Nf6 2. c4 g6 3. Nc3 Bg7 4. e4 d6 5. f4 O-O 6. Nf3 c5 7. d5 e6 8. dxe6 Bxe6 9. Bd3 Nc6 10.
f5 Bc8 11. O-O a6 12. Bf4 Ng4 13. h3 Nge5 14. Be2 Nxf3+ 15. Bxf3 Nd4 16. Nd5 gxf5 17. exf5 Bxf5 18. Bg4 Bg6 19. Qd2 b5 20. Bg5 f6 21.
Bh4 bxc4 22. Rae1 Ra7 23. Be6+ Nxe6 24. Rxe6 Raf7 25. Qf4 Qa8 26. Qxd6 Rd8 27. Ne7+ Kh8 28. Qg3 Bd3 29. Rf2 Re8 30. Rfxf6 Rfxe7 31. Rxe7 Rxe7 32. Rb6 Re8 33. Bg5 Qe4 34. Kh2 Be5 0-1

[Event "*** Biggest EVER Titled Tuesday"]
[Site "Chess.com"]
[Date "2018.04.17"]
[Round "9"]
[White "GeorgMeier"]
[Black "IMRosen"]
[Result "1-0"]
[WhiteElo "2754"]
[BlackElo "2405"]
[TimeControl "180+2"]
[EndTime "15:06:25 PDT"]
[Termination "GeorgMeier won by checkmate"]

1. d4 Nf6 2. Nf3 d5 3. c4 e6 4. g3 dxc4 5. Bg2 Bb4+ 6. Bd2 c5 7. Qc1 O-O 8. O-O Nbd7 9. Bxb4 cxb4 10. Qxc4 a5 11. Nbd2 b6 12. Rfe1 Ba6 13. Qb3 Rc8 14.
Bf1 Qc7 15. a3 bxa3 16. bxa3 Qc2 17. Qxc2 Rxc2 18. Red1 Rfc8 19. e3 Bxf1 20. Kxf1 Rb2 21. Ne1 Rc3 22. a4 Kf8 23. Nb1 Rc7 24. Nd3 Rbc2 25. Na3 R2c6 26. Nb5 Rb7 27. Rac1 Rxc1 28. Rxc1 Rb8 29. Rc7 Ke7 30. Ne5 Ke8 31. Nc6 Ra8 32. Rb7 Kf8 33. Nd6 h5 34. e4 e5 35. dxe5 Nc5 36.
Rxf7+ Kg8 37. exf6 Nxe4 38. Rxg7+ Kh8 39. Nf7# 1-0

[Event "*** Biggest EVER Titled Tuesday"]
[Site "Chess.com"]
[Date "2018.04.17"]
[Round "9"]
[White "GMMatamoros"]
[Black "jcibarra"]
[Result "0-1"]
[WhiteElo "2502"]
[BlackElo "2607"]
[TimeControl "180+2"]
[EndTime "15:06:30 PDT"]
[Termination "jcibarra won by resignation"]

1. Nf3 e6 2. c4 g5 3. e3 g4 4. Ne5 d6 5. Nd3 h5 6. b3 Bg7 7. Bb2 Nf6 8. Nc3 e5 9. f3 Nc6 10. Nf2 Be6 11. a3 Qd7 12. b4 O-O-O 13. Qa4 Kb8 14.
O-O-O d5 15. cxd5 Nxd5 16. Nce4 b6 17. Bb5 Nde7 18. d4 exd4 19. Bxd4 Bxd4 20. Rxd4 Bd5 21. Nf6 Qe6 22. Nxd5 Nxd4 23. Nxc7 Qxe3+ 24. Kb1 Qxf2 25. Na6+ Kb7 26. Rc1 Rc8 27. Nc5+ bxc5 28. Ba6+ Kb8 29. bxc5 Ka8 30. Ka1 Rb8 0-1